 Dungeon Crawl Stone Soup version 0.30-a0-509-gd016549fea (webtiles) character file.

Game seed: 11654638416779103662

934 Jase the Covert (level 8, -6/45 HPs)
             Began as a Kobold Brigand on Dec 22, 2022.
             Was an Initiate of Ashenzari.
             Mangled by an ice beast (13 damage)
             ... on level 6 of the Dungeon.
             The game lasted 00:15:04 (4432 turns).

Jase the Covert (Kobold Brigand)                    Turns: 4432, Time: 00:15:05

Health: -6/45      AC:  7    Str:  9    XL:     8   Next: 33%
Magic:  17/17      EV: 18    Int: 14    God:    Ashenzari [......]
Gold:   326        SH:  0    Dex: 19    Spells: 7/7 levels left

rFire   . . .      SeeInvis .    a - +2 dagger
rCold   . . .      Faith    .    (no shield)
rNeg    + + +      Spirit   .    t - +0 robe
rPois   .          Reflect  .    w - +2 hat
rElec   .          Harm     .    c - +0 cloak
rCorr   +          Rampage  .    g - +0 pair of gloves
Will    +....                    p - +0 pair of boots
Stlth   +++++.....               (no amulet)
HPRegen 0.27/turn                J - ring of willpower
MPRegen 0.15/turn                u - ring of Roaqek {Drain rN+++ rCorr MP+9 Dex+3}

@: no status effects
A: small, no large weapons, nightstalker 3
a: Renounce Religion, Curse Item


You were on level 6 of the Dungeon.
You worshipped Ashenzari.
Ashenzari was noncommittal.
You visited 1 branch of the dungeon, and saw 6 of its levels.

You collected 326 gold pieces.

Inventory:

Hand Weapons
 a - a +2 dagger (weapon)
 b - the +4 quarterstaff of Yrro Pet {drain, Dex+5 Stlth+}
   (You found it on level 2 of the Dungeon)

   A truly terrible weapon, it drains the life of any living foe it strikes.
   Dex:       It affects your dexterity (+5).
   Stlth:     It makes you more stealthy.
 I - a +0 dagger of protection
Missiles
 d - 29 poisoned darts (quivered)
 e - 5 curare-tipped darts
Armour
 c - a +0 cloak (worn)
 g - a +0 pair of gloves (worn)
 p - a +0 pair of boots (worn)
 t - a +0 robe (worn)
 w - a +2 hat (worn)
Jewellery
 r - a ring of resist corrosion
 u - the ring of Roaqek (right hand) {Drain rN+++ rCorr MP+9 Dex+3}
   (You found it on level 2 of the Dungeon)

   [ring of magical power]

   Dex:       It affects your dexterity (+3).
   rN:        It renders you almost immune to negative energy.
   MP:        It affects your magic capacity (+9).
   rCorr:     It protects you from acid and corrosion.
   Drain:     It drains your maximum health when unequipped.
 C - a ring of magical power
 J - a ring of willpower (left hand)
Wands
 q - a wand of charming (6)
 H - a wand of light (1)
Scrolls
 h - a scroll of noise {unknown}
 i - 3 scrolls of brand weapon {unknown}
 k - 8 scrolls of identify {unknown}
 m - 3 scrolls of teleportation {unknown}
 v - 3 scrolls of magic mapping {unknown}
 y - a scroll of vulnerability {unknown}
 z - a scroll of fear {unknown}
 D - a scroll of blinking {unknown}
 E - 2 scrolls of enchant armour {unknown}
 F - 2 scrolls of summoning {unknown}
Potions
 f - 2 potions of brilliance {unknown}
 j - 5 potions of cancellation {unknown}
 l - 2 potions of flight {unknown}
 n - 2 potions of lignification {unknown}
 o - 2 potions of heal wounds {unknown}
 s - 2 potions of curing {unknown}
 x - a potion of degeneration {unknown}
 A - a potion of haste {unknown}
 B - 4 potions of mutation {unknown}
 G - 2 potions of magic {unknown}


   Skills:
 - Level 2.4 Fighting
 + Level 7.0 Short Blades
 - Level 3.0 Throwing
 + Level 6.1 Dodging
 + Level 9.0 Stealth


You had 7 spell levels left.
You didn't know any spells.
Your spell library contained the following spells:

 Spells                   Type           Power      Damage    Failure   Level
 Call Canine Familiar     Summ           0%         N/A       65%         3
 Dazzling Flash           Conj/Hex       0%         N/A       65%         3
 Portal Projectile        Hex/Tloc       0%         N/A       65%         3
 Vhi's Electric Charge    Tloc/Air       0%         N/A       65%         3
 Iskenderun's Mystic Bla  Conj/Tloc      0%         2d3       96%         4
 Leda's Liquefaction      Hex/Erth       0%         N/A       96%         4
 Arcjolt                  Conj/Air       0%         1d10      100%        5
 Starburst                Conj/Fire      0%         6d3       100%        6
 Maxwell's Capacitive Co  Air            0%         ∞         100%        8


Dungeon Overview and Level Annotations

Branches:
Dungeon (6/15)
 Temple: D:4-7

Altars:
Ashenzari
Sif Muna


Innate Abilities, Weirdness & Mutations

You are small and have problems with some larger weapons.
You are completely attuned to the shadows.


Message History

The ice beast is moderately wounded.
You hit the ice beast.
The ice beast is heavily wounded.
The ice beast hits you but does no damage.
You closely miss the ice beast. Your punch misses the ice beast.
The ice beast is heavily wounded.
The ice beast misses you.
You barely miss the ice beast.
The ice beast is heavily wounded.
You hit the ice beast but do no damage.
The ice beast is heavily wounded.
The ice beast hits you. The ice beast freezes you!
* * * LOW HITPOINT WARNING * * *
You hit the ice beast.
The ice beast is heavily wounded.
The ice beast hits you but does no damage.
You hit the ice beast but do no damage.
The ice beast is heavily wounded.
You hit the ice beast but do no damage.
The ice beast is heavily wounded.
The ice beast barely misses you.
You hit the ice beast but do no damage.
The ice beast is heavily wounded.
The ice beast completely misses you.
You closely miss the ice beast.
The ice beast is heavily wounded.
You closely miss the ice beast.
The ice beast is heavily wounded.
The ice beast hits you but does no damage.
You closely miss the ice beast.
The ice beast is heavily wounded.
The ice beast closely misses you.
You hit the ice beast.
The ice beast is heavily wounded.
You hit the ice beast but do no damage.
The ice beast is heavily wounded.
The ice beast hits you.
* * * LOW HITPOINT WARNING * * *
The ice beast freezes you!
You die...

.######
#..#
...†..#
#..#
.####)#
#.## .#
#<#
#..# .#
#[#
#..# .#
#.#
#..#
#[#
#..#
.....#
#..#
.#####
#@Y#
#..#
#..#
#..#
#..#
...#


You could see an ice beast.

Vanquished Creatures
  A sky beast (D:3)
  Duvessa (D:6)
  2 ogres (D:5)
  A bullfrog (D:6)
  A gnoll sergeant (D:6)
  Dowan (D:6)
  A jelly (D:4)
  A hound (D:6)
  An iguana (D:5)
  3 orc wizards
  9 gnolls
  4 adders
  A white imp (D:5)
  An ufetubus (D:5)
  A worm (D:3)
  A dart slug (D:4)
  10 orcs
  7 ball pythons
  2 endoplasms
  4 giant cockroaches
  8 goblins
  14 hobgoblins
  7 jackals
  8 kobolds
  4 quokkas
  6 bats
  5 frilled lizards
  2 rats
107 creatures vanquished.

Notes
Turn   | Place    | Note
-------+----------+-------------------------------------------
     0 | D:1      | Jase the Kobold Brigand began the quest for the Orb.
     0 | D:1      | Reached XP level 1. HP: 12/12 MP: 1/1
    67 | D:1      | Reached XP level 2. HP: 18/18 MP: 2/2
   360 | D:1      | Reached XP level 3. HP: 22/22 MP: 3/3
   790 | D:2      | Identified the +4 quarterstaff of Yrro Pet {drain, Dex+5
                  | Stlth+}
   799 | D:2      | Reached XP level 4. HP: 27/27 MP: 4/4
   800 | D:2      | Identified the ring of Roaqek {Drain rN+++ rCorr MP+9
                  | Dex+3}
  1391 | D:3      | Reached skill level 6 in Stealth
  1394 | D:3      | Noticed a sky beast
  1425 | D:3      | Killed a sky beast
  1426 | D:3      | Reached XP level 5. HP: 16/31 MP: 5/5
  1556 | D:3      | Reached XP level 6. HP: 36/36 MP: 6/6
  1901 | D:3      | Reached skill level 7 in Stealth
  2517 | D:3      | Reached skill level 5 in Short Blades
  2566 | D:4      | Found a shimmering blue altar of Sif Muna.
  2761 | D:4      | Reached XP level 7. HP: 38/40 MP: 7/7
  3178 | D:5      | Entered Level 5 of the Dungeon
  3265 | D:5      | Found a broken altar of Ashenzari.
  3269 | D:5      | Became a worshipper of Ashenzari the Shackled
  3591 | D:5      | Identified the +0 barding of Terror {+Inv Dex+2}
  3622 | D:5      | Reached skill level 5 in Dodging
  3622 | D:5      | Reached skill level 8 in Stealth
  4116 | D:6      | Noticed Duvessa
  4116 | D:6      | Noticed Dowan
  4117 | D:6      | Killed Duvessa
  4118 | D:6      | Reached XP level 8. HP: 45/45 MP: 8/8
  4122 | D:6      | Killed Dowan
  4327 | D:6      | Reached skill level 9 in Stealth
  4432 | D:6      | Mangled by an ice beast

Illustrated notes

Levels and vault maps discovered:
D:1:      dpeg_arrival_long_road, layout_rooms, serial_park_tiny_2, minivault_24
D:2:      layout_rooms
D:3:      layout_basic, corexii_hall_statues_u, minmay_quantized
D:4:      layout_loops_ring, kennysheep_mini
D:5:      layout_loops_corners, nicolae_ashenzari_skybound,
          minmay_misc_feat_encased
D:6:      layout_loops_ring, minmay_temple_entry_waves, serial_park_tiny_pond,
          guppyfry_shop_venom, uniq_duvessa, uniq_pikel, uniq_sigmund

Skill      XL: |  1  2  3  4  5  6  7  8 |
---------------+-------------------------+-----
Short Blades   | 3 4 5 6 7 |  7.0
Dodging        | 2 3 4 5 6 |  6.1
Throwing       | 3 |  3.0
Stealth        | 6 7 8 9 |  9.0
Fighting       | |  2.4

Action                   |  1- 3 |  4- 6 |  7- 9 || total
-------------------------+-------+-------+-------++-------
Melee: Dagger            |    88 |   165 |   120 ||   373
       Punch             |     2 |     3 |     2 ||     7
Throw: Throwing net      |       |     1 |       ||     1
       Dart              |       |       |     4 ||     4
Evoke: Wand              |       |       |     2 ||     2
 Stab: Sleeping          |    12 |    29 |     9 ||    50
       Distracted        |       |     4 |     1 ||     5
       Invisible         |       |       |     2 ||     2
Armor: Robe              |    12 |    18 |    20 ||    50
Dodge: Dodged            |    35 |    66 |    50 ||   151

Table legend: (Time is in decaauts)
 A = Elapsed time spent in this place.
 B = Non-inter-level travel time spent in this place.
 C = Inter-level travel time spent in this place.
 D = Time resting spent in this place.
 E = Time spent auto-exploring this place.
 F = Levels seen in this place.
 G = Mean time per level.
                   A        B        C        D        E       F      G
               +--------+--------+--------+--------+--------+-----+--------+
         Total |   4344 |   4213 |    131 |    411 |   2850 |   6 |  724.0 |
       Dungeon |   4344 |   4213 |    131 |    411 |   2850 |   6 |  724.0 |
               +--------+--------+--------+--------+--------+-----+--------+

Top non-repeatable levels by time:
     D:5: 1056 daAuts
     D:3: 1030 daAuts
     D:4: 813 daAuts
     D:2: 680 daAuts
     D:1: 594 daAuts
     D:6: 168 daAuts
